 Dungeon Crawl Stone Soup version 0.26-a0-771-g060e6a62af (webtiles) character file.

Game seed: 11736882632164550899

345 drunkbafoobis the Skirmisher (level 6, -7/60 HPs)
             Began as a Palentonga Berserker on Nov 9, 2020.
             Was a Believer of Trog.
             Mangled by an orc warrior
             ... wielding a +0 flail
              (17 damage)
             ... on level 4 of the Dungeon.
             The game lasted 00:08:56 (4036 turns).

drunkbafoobis the Skirmisher (Palentonga Berserker) Turns: 4036, Time: 00:08:57

Health: -7/60      AC:  4    Str: 22    XL:     6   Next: 32%
Magic:  6/6        EV:  9    Int:  8    God:    Trog [**....]
Gold:   92         SH:  0    Dex:  9    Spells: 5/5 levels left

rFire    . . .     SeeInvis +   a - +2 whip (freeze)
rCold    . . .     Faith    .   (no shield)
rNeg     . . .     Spirit   .   v - +0 leather armour
rPois    .         Reflect  .   (no helmet)
rElec    .         Harm     .   (no cloak)
rCorr    .         Rampage  .   (no gloves)
MR       .....                  (no barding)
Stlth    ++........             (no amulet)
HPRegen  0.20/turn              c - ring of flight
MPRegen  0.10/turn              m - ring of stealth

@: no status effects
A: large, rugged brown scales 3, see invisible, deformed body, roll, armoured
tail
a: Rolling Charge, Berserk, Trog's Hand, Renounce Religion, Evoke Flight


You were on level 4 of the Dungeon.
You worshipped Trog.
Trog was pleased with you.
You visited 2 branches of the dungeon, and saw 5 of its levels.

You collected 218 gold pieces.
You spent 126 gold pieces at shops.

Inventory:

Hand Weapons
 a - a +2 whip of freezing (weapon)
 b - a +0 hunting sling
 e - a +0 mace
 n - a +0 whip
Missiles
 j - 96 stones (quivered)
 k - 37 poisoned darts
Armour
 f - a +0 animal skin
 v - a +0 leather armour (worn)
Jewellery
 c - a ring of flight (left hand)
 m - a ring of stealth (right hand)
Wands
 o - a wand of polymorph (9)
 w - a wand of digging (1)
Scrolls
 d - 7 scrolls of identify {unknown}
 l - 3 scrolls of remove curse {unknown}
 q - 4 scrolls of teleportation
 s - a scroll of noise {unknown}
 u - 2 scrolls of immolation {unknown}
 y - a scroll of enchant armour
Potions
 g - a potion of might {unknown}
 h - 2 potions of lignification {unknown}
 i - a potion of brilliance {unknown}
 p - a potion of flight {unknown}
 r - a potion of curing {unknown}
 t - a potion of heal wounds
 x - 2 potions of magic {unknown}
 z - a potion of attraction {unknown}


   Skills:
 + Level 6.3 Fighting
 + Level 4.5 Maces & Flails
 - Level 1.5 Armour
 - Level 1.5 Dodging


You had 5 spell levels left.
You didn't know any spells.
Your spell library was empty.

Dungeon Overview and Level Annotations

Branches:
Dungeon (4/15)             Temple (1/1) D:4

Altars:
Cheibriados
Fedhas
Nemelex Xobeh
Ru
Sif Muna
Trog
Vehumet
Xom
The Shining One

Shops:
D:4 *


Innate Abilities, Weirdness & Mutations

You are completely covered in rugged brown scales. (AC +3, +7% HP)
You have supernaturally acute eyesight. (SInv)
Armour fits poorly on your strangely shaped body.
You can roll at foes to attack.
You have a long armoured tail.


Message History

A jackal skeleton comes into view.
You are too injured to fight recklessly!
You are too injured to fight recklessly!
You hit the orc warrior but do no damage.
The orc warrior is moderately wounded.
You completely miss the orc warrior.
The orc warrior is moderately wounded.
The orc warrior closely misses you.
You barely miss the orc warrior.
The orc warrior is moderately wounded.
The orc warrior hits you with a +0 flail!!
* * * LOW HITPOINT WARNING * * *
The jackal skeleton bites you but does no damage.
A frilled lizard comes into view.
You hit the orc warrior but do no damage.
You tail-slap the orc warrior.
The orc warrior is heavily wounded.
The jackal skeleton bites you but does no damage.
The orc warrior hits you with a +0 flail!
You die...

#....#.#.....##.
##.#).........##
#.#.#.#.#.#..## ####
#>......#....## ...
..#.##.>......# ..
..#.#####...... #.
.....#####.#....
#Z###..........###.
#@$.##....###. #.
#.lo#.#..#... #.. ..
#.###.##.##.####.###.
# .##..##..##...###
?#..##.........#
.###.##...###...# ##
#..#...## #...###
.##....####......
.#.###............


You could see an orc warrior, a frilled lizard and a jackal skeleton.

Vanquished Creatures
  An orc wizard (D:4)
  An orc priest (D:3)
  Ijyb (D:3)
  Natasha (thrice) (D:2)
  A worker ant (D:4)
  5 adders
  5 worms
  5 dart slugs
  3 leopard geckos
  12 orcs
  6 giant cockroaches
  5 goblins
  7 hobgoblins
  4 jackals
  5 quokkas
  7 bats
  6 frilled lizards
  5 kobolds
  A leopard gecko skeleton (D:4)
  5 rats
88 creatures vanquished.

Notes
Turn   | Place    | Note
-------+----------+-------------------------------------------
     0 | D:1      | drunkbafoobis the Palentonga Berserker began the quest for
                  | the Orb.
     0 | D:1      | Reached XP level 1. HP: 20/20 MP: 1/1
   270 | D:1      | Reached XP level 2. HP: 27/27 MP: 2/2
   627 | D:1      | Reached skill level 4 in Fighting
   946 | D:1      | Reached XP level 3. HP: 28/35 MP: 3/3
  1342 | D:2      | Reached ** piety under Trog
  1609 | D:2      | Reached XP level 4. HP: 38/43 MP: 4/4
  1663 | D:2      | Noticed Natasha
  1666 | D:2      | Killed Natasha
  1666 | D:2      | Reached skill level 5 in Fighting
  1860 | D:2      | Noticed Natasha
  1868 | D:2      | Killed Natasha
  1975 | D:2      | Noticed Natasha
  1989 | D:2      | Killed Natasha
  1989 | D:2      | Reached XP level 5. HP: 40/53 MP: 5/5
  2919 | D:3      | Noticed Ijyb
  2939 | D:3      | Killed Ijyb
  2954 | D:3      | Reached skill level 6 in Fighting
  2959 | D:3      | Found a radiant altar of Vehumet.
  3516 | D:4      | Found a staircase to the Ecumenical Temple.
  3541 | Temple   | Entered the Ecumenical Temple
  3607 | D:4      | Found Jicziat's General Store.
  3615 | D:4      | Bought a scroll of teleportation for 36 gold pieces
  3615 | D:4      | Bought a scroll of enchant armour for 90 gold pieces
  3648 | D:4      | Noticed a phantom
  3656 | D:4      | Reached XP level 6. HP: 46/60 MP: 6/6
  4028 | D:4      | Noticed an orc warrior
  4036 | D:4      | Mangled by an orc warrior

Illustrated notes

Levels and vault maps discovered:
D:1:      lightli_arrival_lavapool, layout_loops_corners
D:2:      layout_loops_ring, nicolae_underground_beach, uniq_natasha
D:3:      kb_forest_paths, layout_basic, overflow_temple_1_default,
          serial_bayou_lagoon_a, uniq_ijyb
D:4:      layout_loops_cross, minmay_temple_entry_wispy, serial_shops,
          nicolae_shop_competitors_out_of_business, nicolae_shop_statue_plus,
          shop_statue, minmay_pentomino_pile
Temple:   regret_index_temple_mists

Skill      XL: |  1  2  3  4  5 |
---------------+----------------+-----
Fighting       | 4 5 6 |  6.3
Maces & Flails | 4 |  4.5
Armour         | |  1.5
Dodging        | |  1.5

Action                   |  1- 3 |  4- 6 || total
-------------------------+-------+-------++-------
Melee: Mace              |    14 |       ||    14
       Whip              |    81 |   182 ||   263
       Tailslap          |     8 |    18 ||    26
 Fire: Hunting sling     |    18 |     4 ||    22
 Stab: Sleeping          |       |     1 ||     1
Armor: Animal skin       |    16 |    28 ||    44
       Leather armour    |       |    27 ||    27
Dodge: Dodged            |    64 |    67 ||   131

Table legend: (Time is in decaauts)
 A = Elapsed time spent in this place.
 B = Non-inter-level travel time spent in this place.
 C = Inter-level travel time spent in this place.
 D = Time resting spent in this place.
 E = Time spent auto-exploring this place.
 F = Levels seen in this place.
 G = Mean time per level.
                   A        B        C        D        E       F      G
               +--------+--------+--------+--------+--------+-----+--------+
         Total |   4039 |   3894 |    145 |    451 |   2691 |   5 |  807.8 |
       Dungeon |   3991 |   3863 |    128 |    451 |   2691 |   4 |  997.8 |
        Temple |     48 |     32 |     16 |      0 |      0 |   1 |   48.0 |
               +--------+--------+--------+--------+--------+-----+--------+

Top non-repeatable levels by time:
     D:2: 1485 daAuts
     D:3: 1146 daAuts
     D:1: 1082 daAuts
     D:4: 277 daAuts
  Temple: 48 daAuts
